 Dungeon Crawl Stone Soup version 0.29-a0-553-g81b289dbe5 (webtiles) character file.

Game seed: 7465848120628380673

38 shadowstone the Skirmisher (level 3, 0/24 HPs)
             Began as a Gargoyle Fighter on June 6, 2022.
             Slain by a quokka (2 damage)
             ... on level 3 of the Dungeon.
             The game lasted 00:03:59 (1032 turns).

shadowstone the Skirmisher (Gargoyle Fighter)       Turns: 1032, Time: 00:04:00

Health: 0/24       AC: 10    Str: 21    XL:     3   Next: 43%
Magic:  3/3        EV:  9    Int:  8    God:
Gold:   29         SH:  4    Dex:  7    Spells: 2/2 levels left

rFire   . . .      SeeInvis .   a - +0 war axe
rCold   . . .      Faith    .   c - +0 buckler
rNeg    + . .      Spirit   .   b - +0 scale mail
rPois   ∞          Reflect  .   (no helmet)
rElec   +          Harm     .   (no cloak)
rCorr   .          Rampage  .   (no gloves)
Will    .....                   (no boots)
Stlth   ..........              (no amulet)
HPRegen 0.00/turn               (no ring)
MPRegen 0.08/turn               (no ring)

@: inhibited regen
A: sickness immunity, AC +3, negative energy resistance 1, electricity
resistance, torment resistance 1, petrification resistance, clumsy 1, inhibited
regeneration
a: no special abilities


You were on level 3 of the Dungeon.
You visited 1 branch of the dungeon, and saw 3 of its levels.

You collected 29 gold pieces.

Inventory:

Hand Weapons
 a - a +0 war axe (weapon)
Armour
 b - a +0 scale mail (worn)
 c - a +0 buckler (worn)
Scrolls
 e - a scroll of teleportation
 f - a scroll of vulnerability {unknown}
 g - a scroll of enchant armour {unknown}
 h - a scroll of fog {unknown}
Potions
 d - a potion of might
 i - 2 potions of haste {unknown}
 j - 2 potions of brilliance {unknown}


   Skills:
 + Level 3.8 Fighting
 + Level 2.1 Axes
 + Level 3.5 Armour
 + Level 0.2 Dodging
 + Level 3.8 Shields


You had 2 spell levels left.
You didn't know any spells.
Your spell library contained the following spells:

 Spells                   Type           Power      Damage    Failure   Level
 Gell's Gravitas          Tloc           0%         N/A       99%         3
 Teleport Other           Tloc           0%         N/A       99%         3
 Dispersal                Tloc           0%         N/A       100%        6


Dungeon Overview and Level Annotations

Branches:
Dungeon (3/15)

Altars:
Okawaru


Innate Abilities, Weirdness & Mutations

You are immune to sickness and miasma.
Your stone body is resilient. (AC +3)
You are immune to poison.
You resist negative energy. (rN+)
You are resistant to electric shocks. (rElec)
You are resistant to unholy torment.
You are immune to petrification.
You are clumsy. (Dex -2)
You do not regenerate when monsters are visible.


Message History

You slash the orc!
You kill the orc!
You closely miss the orc. The orc misses you.
The orc hits you but does no damage.
It was a potion of mutation.
You feel extremely strange.
You feel clumsy.
Your regeneration stops near monsters.
The orc priest looks encouraged for a moment.
The orc closely misses you.
As you read the scroll labelled NOCYIV QITZARE, it crumbles to dust.
You feel strangely unstable.
It was a scroll of teleportation.
You block the orc's attack. The orc attacks as you move away!
The orc barely misses you.
Your surroundings suddenly seem different.
An adder, a rat, an endoplasm and a quokka come into view.
Found 29 stones.
Found a stone staircase leading down.
The adder hisses angrily.
The endoplasm quivers.
You slash the adder!
The adder is almost dead.
The adder bites you but does no damage.
A dart slug comes into view.
The adder misses you. You block the rat's attack. You block the adder's attack.
You barely miss the rat. You closely miss the adder.
The adder closely misses you. The rat barely misses you.
The adder bites you but does no damage. The rat barely misses you.
The adder attacks as you move away! The adder bites you but does no damage.
The quokka bites you but does no damage.
You block the rat's attack. The quokka attacks as you move away!
The quokka bites you but does no damage.
The adder bites you but does no damage.
The quokka bites you but does no damage.
The adder completely misses you. The adder attacks as you move away!
The adder bites you but does no damage. The quokka attacks as you move away!
The quokka bites you but does no damage.
The rat bites you but does no damage. The quokka attacks as you move away!
The quokka bites you.
You die...

..#...#...................
...._...............######
..#...#.###............
..##.##.##..........### #
......>.w..#.####..## #..
.......##..####..## ##
#.##....##..........
#.w#..S........
..###....Jr@.>.....
..........r........
...................
...................
..(................
...................
.8.................
..........#########
..........#


You could see an adder, a dart slug, an endoplasm, a quokka and a rat.

Vanquished Creatures
  A dart slug (D:3)
  2 orcs (D:3)
  7 ball pythons
  2 bats
  3 endoplasms
  3 giant cockroaches
  2 goblins (D:1)
  4 hobgoblins
  A quokka (D:2)
  A frilled lizard (D:1)
  A kobold (D:1)
  2 rats
29 creatures vanquished.

Notes
Turn   | Place    | Note
-------+----------+-------------------------------------------
     0 | D:1      | shadowstone the Gargoyle Fighter began the quest for the
                  | Orb.
     0 | D:1      | Reached XP level 1. HP: 14/14 MP: 1/1
   102 | D:1      | Reached XP level 2. HP: 10/19 MP: 2/2
   834 | D:2      | Found an iron altar of Okawaru.
   857 | D:2      | Reached XP level 3. HP: 19/24 MP: 3/3
   981 | D:3      | Found a faded altar of an unknown god.
  1021 | D:3      | Gained mutation: You are clumsy. (Dex -2) [potion of
                  | mutation]
  1021 | D:3      | Gained mutation: You do not regenerate when monsters are
                  | visible. [potion of mutation]
  1032 | D:3      | Slain by a quokka

Illustrated notes

Levels and vault maps discovered:
D:1:      nzn_arrival_settlement, layout_basic
D:2:      layout_rooms, basic_altar, uniq_robin
D:3:      layout_rooms, eat_drink_and_be_merry_uskayaw,
          ebering_ecumenical_altar_box, uniq_ijyb

Skill      XL: |  1  2  3 |
---------------+----------+-----
Axes           | 2 |  2.1
Fighting       | |  3.8
Armour         | |  3.5
Dodging        | |  0.2
Shields        | |  3.8

Action                   || total
-------------------------++-------
Melee: War axe           ||    76
  Use: Scroll            ||     1
       Potion            ||     1
Armor: Scale mail        ||    82
Dodge: Dodged            ||    64
Block: Buckler           ||    27

Table legend: (Time is in decaauts)
 A = Elapsed time spent in this place.
 B = Non-inter-level travel time spent in this place.
 C = Inter-level travel time spent in this place.
 D = Time resting spent in this place.
 E = Time spent auto-exploring this place.
 F = Levels seen in this place.
 G = Mean time per level.
                   A        B        C        D        E       F      G
               +--------+--------+--------+--------+--------+-----+--------+
         Total |   1066 |   1066 |      0 |    210 |      0 |   3 |  355.3 |
       Dungeon |   1066 |   1066 |      0 |    210 |      0 |   3 |  355.3 |
               +--------+--------+--------+--------+--------+-----+--------+

Top non-repeatable levels by time:
     D:1: 843 daAuts
     D:2: 153 daAuts
     D:3: 68 daAuts
